 Dungeon Crawl Stone Soup version 0.30-a0-170-g85af917532 (webtiles) character file.

Game seed: 710497286704638366

44 freelancePsychic the Cutter (level 3, -1/33 HPs)
             Began as a Draconian Chaos Knight on Sept 30, 2022.
             Was a Plaything of Xom.
             Slain by Crazy Yiuf
             ... wielding a +3 quarterstaff of chaos
              (10 damage)
             ... on level 2 of the Dungeon.
             The game lasted 00:03:36 (2740 turns).

freelancePsychic the Cutter (DrCK)                  Turns: 2740, Time: 00:03:36

Health: -1/33      AC:  5    Str: 18    XL:     3   Next: 41%
Magic:  2/3        EV: 11    Int: 14    God:    Xom [......]
Gold:   66         SH:  4    Dex: 10    Spells: 2/2 levels left

rFire   . . .      SeeInvis .    q - +3 dagger "Qooxum" {vamp, rN+ Str+4}
rCold   . . .      Faith    .    h - +1 buckler
rNeg    + . .      Spirit   .    (body armour unavailable)
rPois   .          Reflect  .    (helmet restricted)
rElec   .          Harm     .    (no cloak)
rCorr   .          Rampage  .    (no gloves)
Will    .....      Clarity  +    (no boots)
Stlth   +.........               (no amulet)
HPRegen 0.11/turn                (no ring)
MPRegen 0.08/turn                (no ring)

@: no status effects
A: AC +5, unfitting armour, cold-blooded, clarity, devolution 1
a: Renounce Religion


You were on level 2 of the Dungeon.
You worshipped Xom.
You were a very special plaything of Xom.
You visited 1 branch of the dungeon, and saw 2 of its levels.

You collected 66 gold pieces.

Inventory:

Hand Weapons
 a - a +0 short sword of chaos
 q - the +3 dagger "Qooxum" (weapon) {vamp, rN+ Str+4}
   (You found it on level 2 of the Dungeon)

   It occasionally heals its wielder for a portion of the damage dealt when it
   wounds a living foe.
   Str:       It affects your strength (+4).
   rN:        It protects you from negative energy.
Missiles
 k - 6 poisoned darts
Armour
 h - a +1 buckler (worn)
Jewellery
 f - a ring of wizardry
Wands
 n - a wand of flame (12)
Scrolls
 d - 2 scrolls of identify {@r1}
 g - a scroll of enchant armour
 j - 2 scrolls of teleportation {@r4}
 o - a scroll of vulnerability {unknown}
Potions
 c - a potion of mutation {unknown}
 e - a potion of lignification {unknown}
 l - 2 potions of curing {@q1}
 m - a potion of invisibility {unknown}
Miscellaneous
 b - a piece from Xom's chessboard (15/15) (quivered)


   Skills:
 + Level 3.9 Fighting
 * Level 4.1 Short Blades
 - Level 2.1 Dodging


You had 2 spell levels left.
You didn't know any spells.
Your spell library contained the following spells:

 Spells                   Type           Power      Damage    Failure   Level
 Apportation              Tloc           0%         N/A       36%         1
 Necrotise                Necr           0%         1d4       36%         1
 Summon Small Mammal      Summ           0%         N/A       36%         1
 Hailstorm                Conj/Ice       0%         3d3       75%         3
 Ice Form                 Ice/Tmut       0%         N/A       98%         4
 Simulacrum               Ice/Necr       0%         N/A       100%        6


Dungeon Overview and Level Annotations

Branches:
Dungeon (2/15)

Altars:

Shops:
D:2 =

Annotations:
D:2 Crazy Yiuf


Innate Abilities, Weirdness & Mutations

Your plain brown scales are hard. (AC +5)
You cannot fit into any form of body armour.
You are cold-blooded and may be slowed by cold attacks.
You possess an exceptional clarity of mind.
You have hidden genetic defects.


Message History

You see here a +0 hammer.
You see here a +0 hammer.
You see here a +0 hammer.
Press: ? - help, v - describe, . - travel, g - get item
Here: Crazy Yiuf, wielding a +3 quarterstaff of chaos and wearing a +0 cloak (fire blocked by a runed translucent door) Item here: a hammer.
The floor.
Unknown command.
You open the door. You hit Crazy Yiuf but do no damage. Crazy Yiuf misses you.
You barely miss Crazy Yiuf. Crazy Yiuf barely misses you.
You hit Crazy Yiuf.
Crazy Yiuf is moderately wounded.
Crazy Yiuf completely misses you.
You hit Crazy Yiuf.
Crazy Yiuf is heavily wounded.
Crazy Yiuf hits you with a +3 quarterstaff of chaos!
You feel your power leaking away.
You hit Crazy Yiuf.
You feel better.
Crazy Yiuf is severely wounded.
Crazy Yiuf barely misses you.
You hit Crazy Yiuf but do no damage.
Crazy Yiuf is severely wounded.
You completely miss Crazy Yiuf.
Your tail-slap misses Crazy Yiuf.
Crazy Yiuf is severely wounded.
Crazy Yiuf hits you with a +3 quarterstaff of chaos!
Ouch! That really hurt!
You feel yourself slow down. Crazy Yiuf freezes you!
* * * LOW HITPOINT WARNING * * *
It was a potion of curing.
You feel better.
Xom is mildly amused.
Crazy Yiuf barely misses you.
Crazy Yiuf hits you with a +3 quarterstaff of chaos!
* * * LOW HITPOINT WARNING * * *
You feel better.
You feel yourself speed up.
Crazy Yiuf says, "The life which is unexamined is not worth living."
Crazy Yiuf hits you with a +3 quarterstaff of chaos!
You die...

.# #...#
##.##..).....#..###..
.# #...#
#...........#..# #..
.###...###
####...######..# #..
.##......# #####
#...# #.. .##....###
##..# #.. .##....#
########.## #..
.##....# ###
###)#)...#.# #..
.####'##
#)))##))#)......# #..
.# #.#
#.))g@####......# #..
.# #.# #)))###
###....# #.. .# #.#
### ####.# #.# .#
#.#### #.# #.. .#
#....# #.# ###
.#################
### #.#
.#............##'#
#.####.##
.#.##########.##.#
#.......### .#.#
#.##.# ######....#


You could see Crazy Yiuf.

Vanquished Creatures
  An adder (D:2)
  3 ball pythons
  3 bats (D:1)
  3 endoplasms (D:1)
  A giant cockroach (D:2)
  7 goblins
  3 hobgoblins
  2 jackals (D:1)
  2 frilled lizards
  A kobold (D:2)
  6 rats
32 creatures vanquished.

Notes
Turn   | Place    | Note
-------+----------+-------------------------------------------
     0 | D:1      | freelancePsychic the Draconian Chaos Knight began the quest
                  | for the Orb.
     0 | D:1      | Reached XP level 1. HP: 19/19 MP: 1/1
    70 | D:1      | XOM: potion effect (curing)
    73 | D:1      | XOM: smoke on damage
   201 | D:1      | XOM: 6-stop teleportation journey
   214 | D:1      | Reached XP level 2. HP: 20/26 MP: 2/2
  1106 | D:2      | Found Heuc's Jewellery Shoppe.
  1233 | D:2      | XOM is BORED!
  1233 | D:2      | XOM: 3-stop teleportation journey
  1249 | D:2      | Reached XP level 3. HP: 30/33 MP: 3/3
  1354 | D:2      | Reached skill level 4 in Short Blades
  1629 | D:2      | Found a runed translucent door.
  1630 | D:2      | Noticed Crazy Yiuf
  1813 | D:2      | XOM: 2-stop teleportation journey
  1862 | D:2      | Identified the +3 dagger "Qooxum" {vamp, rN+ Str+4}
  1869 | D:2      | Found a faded altar of an unknown god.
  2326 | D:2      | XOM: give mutations
  2326 | D:2      | Gained mutation: You passively dampen the noise of your
                  | surroundings. [Xom's mischief]
  2326 | D:2      | Gained mutation: You have hidden genetic defects. [Xom's
                  | mischief]
  2326 | D:2      | Lost mutation: You passively dampen the noise of your
                  | surroundings. [Xom's mischief]
  2326 | D:2      | Gained mutation: You possess an exceptional clarity of
                  | mind. [Xom's mischief]
  2525 | D:2      | XOM: god gift: 6 stones
  2573 | D:2      | XOM: god gift: broad axe {god gift}
  2740 | D:2      | Slain by Crazy Yiuf

Illustrated notes

Levels and vault maps discovered:
D:1:      lightli_arrival_statuegarden, layout_basic, grunt_decor_junction
D:2:      layout_basic, serial_shops, shop,
          shapermc_ecumenical_altar_mp_ritualfount, uniq_crazy_yiuf_cottage

Skill      XL: |  1  2  3 |
---------------+----------+-----
Short Blades   | 4 |  4.1
Fighting       | |  3.9
Dodging        | |  2.1

Action                   || total
-------------------------++-------
Melee: Short sword       ||    23
       Tailslap          ||    10
       Dagger            ||    91
  Use: Scroll            ||     3
       Potion            ||     2
 Stab: Sleeping          ||     1
Armor: Skin              ||    27
Dodge: Dodged            ||    60
Block: Buckler           ||    11

Table legend: (Time is in decaauts)
 A = Elapsed time spent in this place.
 B = Non-inter-level travel time spent in this place.
 C = Inter-level travel time spent in this place.
 D = Time resting spent in this place.
 E = Time spent auto-exploring this place.
 F = Levels seen in this place.
 G = Mean time per level.
                   A        B        C        D        E       F      G
               +--------+--------+--------+--------+--------+-----+--------+
         Total |   2723 |   2690 |     33 |    100 |   2328 |   2 | 1361.5 |
       Dungeon |   2723 |   2690 |     33 |    100 |   2328 |   2 | 1361.5 |
               +--------+--------+--------+--------+--------+-----+--------+

Top non-repeatable levels by time:
     D:2: 1626 daAuts
     D:1: 1097 daAuts
